[Event "CCT Chessable Masters Playoffs 2025"]
[Site "Online"]
[Date "2025.02.19"]
[Round "3"]
[White "Carlsen, Magnus"]
[Black "Erigaisi Arjun"]
[Result "1/2-1/2"]
[Annotator "TA"]
[ECO "C54"]
[WhiteElo "2833"]
[BlackElo "2801"]
[PlyCount "234"]
[EventDate "2025.02.13"]
[EventType "k.o."]
[EventCountry "NET"]
[SourceTitle "playchess.com"]
[Source "ChessBase"]
[SourceQuality "1"]
[TimeControl "600"]

1. e4 e5 2. Nf3 Nc6 3. Bc4 Nf6 4. d3 Bc5 5. O-O d6 6. c3 O-O 7. h3 Bb6 $1 {[%emt 0:00:03][%mdl 4] 7...Bb6 is the modern continuation.} 8. a4 {[%emt 0:00:12] C54: Giuoco Piano: 4 c3 Nf6, main lines with 5 d4 and 5 d3.} a5 9. Nbd2 Re8 10. Re1 {[%emt 0:00:08] White is slightly better.} h6 11. Nf1 Be6 12. Bb5 d5 $146 (12... Bd7 13. Ng3 Ne7 14. Bc4 Ng6 15. d4 exd4 16. cxd4 Be6 17. Bd3 Nf8 18. Be3 Bd7 {1-0 Spyropoulos,N (2403)-Sysolyatin,E (2271) Titled Tuesday intern op 7th July blitz 2020 (5)}) 13. Qc2 (13. exd5 Bxd5 14. Bxc6 bxc6 15. Nxe5 Nd7 16. Ng4) 13... Qd6 14. Be3 Bxe3 15. Nxe3 dxe4 16. dxe4 Qc5 17. b4 axb4 18. cxb4 Qxb4 19. Bxc6 bxc6 20. Nxe5 Qxe4 (20... Bb3 {keeps more tension.} 21. Qxc6 Qxe4 22. Qc3 Bxa4 23. N3g4 Qf5) 21. Qxe4 Nxe4 22. Nxc6 Bd7 23. Nd5 Bxc6 24. Nxc7 Kf8 25. a5 {[%emt 0:00:41][%cal Oa5a6] next a6! is good for White.} Nc5 26. Rxe8+ $18 Rxe8 27. Nxe8 Bxe8 28. a6 {[%emt 0:00:01] [#]} Nxa6 29. Rxa6 {[%emt 0:00:02][%mdl 4096] Endgame KR-KB} Bb5 30. Rb6 Bc4 31. Rb8+ Ke7 32. Rg8 Kf6 33. f3 Kg6 34. Kf2 f6 35. Rc8 Be6 (35... Ba6) 36. Rc7 Kh7 37. Ke3 Kg8 38. Kd4 Kf8 39. Kc5 Bb3 40. Kd6 Ba2 41. Rc3 Kf7 42. h4 Kf8 43. g4 Kf7 $2 (43... g5 44. Rc8+ Kg7 45. Rc7+ Bf7 46. hxg5 hxg5) 44. f4 {[%emt 0:00:03] [#]} Kf8 45. Rc5 {[%emt 0:00:28] Hoping for Rc8+.} Kf7 46. Rc2 (46. Rc7+ $142 Kf8 47. Rc3) 46... Bb3 47. Rc1 (47. Rc7+ $142 Kg8 48. Rc1) 47... Ba2 48. Rc7+ Kf8 49. g5 hxg5 50. hxg5 fxg5 51. fxg5 Bb1 52. Rc1 Bd3 53. Ke6 Kg8 54. Ke7 Be4 55. Rd1 Bc2 56. Rd6 Kh7 57. Kf8 Bf5 58. Kf7 Bc2 59. Ra6 Bd3 60. Ra7 Bc4+ 61. Kf8 Kg6 62. Rxg7+ Kf5 63. Ke7 $2 (63. g6 {mates} Bd5 64. Rd7 Be6 65. Re7 (65. g7 Bxd7 66. g8=Q Be6 $18) 65... Bc4 66. g7 Kf6 67. Re4 (67. g8=Q Bxg8 68. Kxg8 Kxe7 $11) 67... Bd5 68. Rf4+ (68. g8=R Bxe4 69. Rg7 Bc2 $11) 68... Ke5 69. Rf7 (69. g8=R Kxf4 70. Rg7 Be6 $14) 69... Bxf7 70. Kxf7) 63... Be2 $11 64. Kf7 Bh5+ 65. g6 (65. Kf8 $5) 65... Kg5 66. Rg8 Kf5 $1 67. Ke7 (67. Rg7 $5) 67... Bxg6 68. Rf8+ Ke5 69. Rf6 Be4 70. Re6+ Kd5 71. Kf6 Bd3 72. Re5+ Kd4 73. Re1 Be4 74. Kg5 Bd5 75. Kf4 Bc4 76. Rd1+ Kc3 77. Ke3 Bb3 78. Rd7 Kb2 79. Rc7 Ba2 80. Kd2 Ka1 81. Kc3 Bb1 82. Rg7 Ba2 83. Ra7 Kb1 84. Rh7 Ka1 85. Rh6 Bb1 86. Kb3 Ba2+ 87. Ka3 Bb1 88. Rh2 Be4 89. Ra2+ Kb1 90. Re2 Bd3 91. Rd2 Be4 92. Kb3 Ka1 93. Ra2+ Kb1 94. Re2 {[%emt 0:00:00][%cal Re2e1] The position is equal.} Bd5+ 95. Kc3 Ka1 96. Rd2 Ba2 97. Kc2 Bb1+ 98. Kc1 Ba2 99. Rd7 Be6 100. Re7 Ba2 101. Kc2 Bb1+ 102. Kb3 (102. Kc1 $5) 102... Ba2+ 103. Kc3 (103. Ka3 $5) 103... Bb1 104. Rg7 Ba2 105. Ra7 Kb1 106. Ra6 Ka1 107. Rb6 Bb1 108. Rh6 Ba2 109. Rh4 Bb1 110. Rh2 Ba2 111. Kb4 Bb1 112. Kb3 ({Don't take} 112. Ka3 $6 Bf5 $16) 112... Be4 113. Rd2 Bb1 114. Ka3 Bf5 115. Ra2+ Kb1 116. Re2 Bd3 117. Rf2 {[%emt 0:00:00] Intending Kb3 and mate.} Kc1 {[%emt 0:00:01] Black escapes into a draw.   Weighted Error Value: White=0.38/Black=0.66  Loses game:     	---       	Black=1      Mistake:       	---       	Black=2      Inaccurate:     	White=3     	Black=5      OK:         	White=16    	Black=33     Best:        	White=1     	Black=4      Strong:       	---       	Black=1} 1/2-1/2

[Event "CCT Chessable Masters Playoffs 2025"]
[Site "Online"]
[Date "2025.02.19"]
[Round "3"]
[White "Nakamura, Hikaru"]
[Black "Firouzja, Alireza"]
[Result "1/2-1/2"]
[Annotator "TA"]
[ECO "A06"]
[WhiteElo "2802"]
[BlackElo "2760"]
[PlyCount "31"]
[EventDate "2025.02.13"]
[EventType "k.o."]
[EventCountry "NET"]
[SourceTitle "playchess.com"]
[Source "ChessBase"]
[SourceQuality "1"]
[TimeControl "600"]

1. b3 d5 2. Bb2 Nf6 3. Nf3 Bf5 (3... e6 4. e3 Be7 5. d4 O-O 6. Bd3 b6 7. c4 Bb7 8. Nbd2 Nbd7 9. cxd5 exd5 10. O-O Bd6 11. Rc1 Re8 12. Bf5 h6 13. Bh3 a5 14. Qc2 Ba6 {0-1 Nakamura,H (2787)-Firouzja,A (2777) Bullet Chess Winners blitz 2023 (4.13)}) 4. Nh4 Bd7 5. c4 Nc6 6. Nf3 {[%emt 0:00:00] A06: Réti Opening: 1 Nf3 d5.} (6. Bxf6 $5 exf6 7. cxd5 $14) 6... Bg4 {[%emt 0:00:02] The position is equal.} 7. e3 d4 8. exd4 $146 ({Predecessor:} 8. h3 Bxf3 9. Qxf3 e5 10. exd4 Nxd4 11. Bxd4 Qxd4 12. Qc3 Bc5 13. Qxd4 Bxd4 14. Nc3 Ne4 15. Rc1 Nxf2 16. Nb5 Nxh1 17. Nxc7+ {0-1 Delaney,R-Reilly,G EU-chT U18 6th 2006 (4)}) 8... Nxd4 9. Bxd4 {[%emt 0:03:12] [#] and Bb2 should not be overlooked} Bxf3 10. Qxf3 Qxd4 11. Qxb7 Rd8 12. Qc6+ Rd7 13. Qa8+ Rd8 14. Qc6+ Rd7 {[%emt 0:00:18][%cal Oe7e6] [#] Hoping for ...e6!.} 15. Qa8+ Rd8 16. Qc6+ {[%emt 0:00:00] A rather calm draw.   Weighted Error Value: White=0.07 (flawless) /Black=0.04 (flawless)   OK:         	White=2     	Black=3      Best:        	White=4     	Black=3} 1/2-1/2

[Event "CCT Chessable Masters Playoffs 2025"]
[Site "Online"]
[Date "2025.02.19"]
[Round "3"]
[White "Erigaisi Arjun"]
[Black "Carlsen, Magnus"]
[Result "1/2-1/2"]
[Annotator "TA"]
[ECO "C00"]
[WhiteElo "2801"]
[BlackElo "2833"]
[PlyCount "95"]
[EventDate "2025.02.13"]
[EventType "k.o."]
[EventCountry "NET"]
[SourceTitle "playchess.com"]
[Source "ChessBase"]
[SourceQuality "1"]
[TimeControl "600"]

1. e4 c5 2. Nf3 e6 3. d3 Nc6 4. g3 d5 5. Qe2 Be7 6. Bg2 Nf6 7. O-O b6 8. e5 Nd7 9. c4 d4 10. h4 (10. Ne1 $142 Qc7 (10... Ndxe5 $2 11. f4 $18) 11. f4) 10... Bb7 $11 {[%emt 0:00:01] C00: French: Unusual White 2nd moves.} 11. Re1 Qc7 12. Bf4 h6 13. Nbd2 O-O-O ({Black should play} 13... Nf8 $1 $15) 14. Ne4 $1 $14 Ncxe5 (14... Ndxe5 15. Nxc5 Bxc5 16. Nxe5 $16 (16. Bxe5 Nxe5 17. Nxe5 Bxg2 $16)) (14... Nf8 $14) 15. Nxe5 $16 Nxe5 16. Nxc5 Bxg2 17. Bxe5 Qxc5 18. Kxg2 f6 $146 (18... Qc6+ 19. Qe4 Qxe4+ 20. Rxe4 f6 21. Bxd4 e5 22. Be3 Rxd3 23. c5 bxc5 24. Rc1 Kb7 25. Bxc5 Rc8 26. Rb4+ Ka8 27. Bd6 {1-0 Druska,J (2311)-Hajek,L (2024) SVK-ch U18 Lubovnianske Kupele 2012 (9)}) 19. Bf4 Qc6+ 20. Kh2 g5 21. Bd2 (21. Qxe6+ Qxe6 22. Rxe6 Kd7 23. Rxe7+ (23. Rae1 $2 Bb4 $19) 23... Kxe7 $19) 21... e5 22. h5 Rhe8 23. b4 Kb8 24. a4 $36 {[%emt 0:00:04][%mdl 2048] Black is under pressure.} Bd6 25. b5 Qb7 26. a5 f5 27. axb6 axb6 {[%emt 0:00:01] [#]} 28. Ra6 $1 Kc7 $2 (28... f4 $1 $11 {and Black has nothing to worry.}) 29. Rea1 $18 Ra8 {[%emt 0:00:03] Repels Ra7} 30. c5 $2 (30. Bb4) 30... bxc5 {[%emt 0:00:20][%csl Ob5] White has a strong passed pawn} 31. b6+ {[%emt 0:00:28] White attacks} Kc6 32. Ra7 Rxa7 33. bxa7 Kd7 {[%emt 0:00:02] [#]} (33... Kc7 $1 $14) 34. Qd1 ({White has to play} 34. Bxg5 $1 $16 hxg5 35. h6) 34... Ra8 $11 35. Qa4+ Ke6 36. Qc4+ Qd5 37. Qa6 {[%emt 0:00:04][%mdl 1024] White has compensation.} e4 38. Re1 (38. Kg1 $1 $14) 38... Kd7 {[%emt 0:00:19][%cal Oe4e3] The position is equal.} 39. Rb1 e3 $1 40. Be1 {[%emt 0:00:18] Strongly threatening Rb7+.} f4 {[%emt 0:00:08] ...Bc7 is the strong threat.} 41. Rb7+ Bc7 42. Ba5 $1 fxg3+ 43. fxg3 Qa2+ 44. Kh1 $1 Qa1+ 45. Kg2 (45. Kh2 $5 Qa2+ $8 46. Kh1 Qa1+ 47. Kh2 $11) 45... Qa2+ 46. Kh1 $1 {[%emt 0:00:51] Dancing on a razor blade.} Qa1+ 47. Kg2 (47. Kh2 $5 Qa2+ $8 48. Kh1 $11) 47... Qa2+ 48. Kh1 $1 {[%emt 0:00:01] Blacks defense is rewarded with a draw.   Weighted Error Value: White=0.13 (very precise) /Black=0.20 (precise)   Loses game:     	---       	Black=1      Mistake:       	White=3     	Black=3      Inaccurate:     	White=3     	Black=3      OK:         	White=15    	Black=11     Best:        	White=3     	Black=8      Strong:       	White=6     	Black=1} 1/2-1/2

[Event "CCT Chessable Masters Playoffs 2025"]
[Site "Online"]
[Date "2025.02.19"]
[Round "3"]
[White "Erigaisi Arjun"]
[Black "Carlsen, Magnus"]
[Result "1-0"]
[Annotator "TA RC"]
[ECO "E25"]
[WhiteElo "2801"]
[BlackElo "2833"]
[PlyCount "105"]
[EventDate "2025.02.13"]
[EventType "k.o."]
[EventCountry "NET"]
[SourceTitle "playchess.com"]
[Source "ChessBase"]
[SourceQuality "1"]
[TimeControl "600"]

1. d4 Nf6 2. c4 e6 3. Nc3 Bb4 4. f3 d5 5. a3 Bxc3+ 6. bxc3 c5 7. cxd5 Nxd5 8. dxc5 Qa5 9. e4 Nf6 10. Be3 O-O {[%emt 0:00:01][%cal Of6d7] E25: Nimzo-Indian: Sämisch: 5...c5 6 f3 d5 7 cxd5.} 11. Kf2 Nfd7 12. a4 Nxc5 13. Qd6 Nba6 {[%emt 0:00:30] Black is weak on the dark squares} 14. Bxa6 Nxa6 15. Ne2 Rd8 16. Qg3 $146 (16. Qe7 Bd7 17. Rhd1 Bc6 18. Nd4 Be8 19. Nb3 Qc7 20. Qxc7 Nxc7 21. Rxd8 Rxd8 22. Bxa7 {1-0 Golubka,P (2434)-Nguyen,A (2333) Bayern-chI Bank Hofmann 26th 2023 (6)}) 16... e5 {[%emt 0:00:13] Dodges Bd4} 17. h4 (17. Rhd1 $11 Rxd1 18. Rxd1) 17... f6 18. Rhb1 Qc7 19. Kg1 Be6 20. Qf2 b6 21. a5 Nc5 (21... bxa5 $15 22. Rb5 a4) 22. Bxc5 bxc5 23. Ng3 Rab8 24. a6 Rxb1+ 25. Rxb1 Qa5 26. h5 (26. Rb7 $11 {keeps the balance.} Qxa6 27. Rc7) 26... h6 (26... Qxa6 27. Qxc5 Kf7 28. Rb5 $16) 27. Kh2 Kh7 ({Of course not} 27... Qxa6 $6 28. Qxc5 Qa2 29. Qe7 Qxb1 30. Qxd8+ Kh7 31. Qe7 $16) 28. Rb7 Qxa6 29. Re7 ({White should play} 29. Rc7 $11) 29... Rd7 (29... Qb6 $15) 30. Qxc5 $11 {[%emt 0:00:17] The position is equal.} Rxe7 {[%emt 0:00:06] Successful Defense Black} 31. Qxe7 {[%emt 0:00:00][%mdl 4096] Endgame KQB-KQN} Qc6 32. Qxa7 Qxc3 33. Qe7 Qc8 34. Nf1 Qc1 35. Ng3 Qc8 36. Ne2 Qd7 37. Qxd7 Bxd7 {[%emt 0:00:00] KB-KN} 38. Nc3 Kg8 39. Nd5 Kf7 40. Ne3 Bb5 41. Nf5 {[%emt 0:00:04] [#] Black must now prevent Nd6+.} Bd7 42. Ne3 g6 43. hxg6+ Kxg6 44. g4 h5 45. gxh5+ Kxh5 46. Kg3 Kg5 47. Kf2 f5 48. exf5 Bxf5 49. Nxf5 Kxf5 50. Ke3 Kf6 51. Ke4 Ke6 52. f4 exf4 53. Kxf4 {[%emt 0:00:00] Weighted Error Value: White=0.10 (very precise) /Black=0.10 (very precise)   Mistake:       	White=3     	Black=2      Inaccurate:     	White=1     	Black=3      OK:         	White=17    	Black=15     Best:        	White=1     	Black=2} 1-0

[Event "CCT Chessable Masters Playoffs 2025"]
[Site "Online"]
[Date "2025.02.19"]
[Round "3"]
[White "Firouzja, Alireza"]
[Black "Nakamura, Hikaru"]
[Result "0-1"]
[Annotator "TA"]
[ECO "C54"]
[WhiteElo "2760"]
[BlackElo "2802"]
[PlyCount "70"]
[EventDate "2025.02.13"]
[EventType "k.o."]
[EventCountry "NET"]
[SourceTitle "playchess.com"]
[Source "ChessBase"]
[SourceQuality "1"]
[TimeControl "600"]

1. e4 e5 2. Nf3 Nc6 3. Bc4 Nf6 4. d3 h6 5. c3 Bc5 6. b4 Be7 {[%emt 0:00:00] C54: Giuoco Piano: 4 c3 Nf6, main lines with 5 d4 and 5 d3.} 7. Qb3 {[%emt 0:00:01] is more profitable than 7.b5 at the moment.} O-O 8. a4 d6 {[%emt 0:00:01] White is slightly better.} 9. O-O Nb8 10. Qa2 c6 11. Bb3 a5 $146 (11... Nbd7 12. a5 d5 13. Re1 Re8 14. Nbd2 Bf8 15. exd5 cxd5 16. Bxd5 Nxd5 17. Qxd5 Qc7 {0-1 Firouzja,A (2737)-Nakamura,H (2794) Bullet Chess Winners blitz 2024 (6.2)}) 12. b5 Nbd7 13. Ba3 Nh5 14. g3 {[%emt 0:00:02] Prevents Nf4.} Nb6 15. Re1 Bh3 16. Kh1 Nf6 17. Ng1 Bg4 18. bxc6 bxc6 19. f4 exf4 20. gxf4 d5 21. Qg2 dxe4 22. dxe4 Be6 (22... Bxa3 $11 {remains equal.} 23. Nxa3 Be6) 23. Bc2 $1 $16 Re8 24. f5 Bc4 25. Nf3 Nfd7 {[%emt 0:00:21] [#]} ({Black should play} 25... Kh8) 26. Bc1 $1 Kh7 {[%emt 0:00:01] [#]} (26... Kh8 $16) 27. e5 $2 (27. Bf4 $1 $18) 27... Kh8 (27... Bf6 $1 $14 28. exf6 Rxe1+ 29. Nxe1 Bd5) 28. Rg1 Rg8 29. Nbd2 {[%emt 0:01:16] Nxc4 would now be deadly.} Bd5 30. Ne4 (30. Re1 $14) 30... Nc5 $11 31. Nxc5 Bxc5 32. Re1 Nc4 33. Bf4 Rb8 {[%emt 0:00:02] White must now prevent ...Rb2.} 34. Qh3 $2 {[%emt 0:00:27][%mdl 8192] [#]} (34. Be4 $11) 34... Qh4 $1 $19 35. Kg2 (35. Qg3 Qxg3) 35... Qxf4 {[%emt 0:00:02] What a bad dream for White.   Weighted Error Value: White=0.41/Black=0.20 (precise)   Loses game:     	White=1     	---        Missed win:     	White=1     	---        Mistake:       	White=1     	Black=4      Inaccurate:     	White=1     	Black=1      OK:         	White=12    	Black=15     Best:        	---       	Black=1      Strong:       	White=1     	---        Brilliant:      	---       	Black=1} (35... Qf2+ $142 36. Kh1 Bxf3+ 37. Qxf3 Qxf3#) 0-1

[Event "CCT Chessable Masters Playoffs 2025"]
[Site "Online"]
[Date "2025.02.19"]
[Round "4"]
[White "Carlsen, Magnus"]
[Black "Nakamura, Hikaru"]
[Result "1-0"]
[Annotator "TA"]
[ECO "D00"]
[WhiteElo "2833"]
[BlackElo "2802"]
[PlyCount "93"]
[EventDate "2025.02.13"]
[EventType "k.o."]
[EventCountry "NET"]
[SourceTitle "playchess.com"]
[Source "ChessBase"]
[SourceQuality "1"]
[TimeControl "600"]

1. d4 d5 2. Nc3 Nf6 3. Bf4 a6 4. e3 h6 5. h4 e6 6. Nf3 {[%emt 0:00:44] D00: 1 d4 d5: Unusual lines.} b6 $146 (6... c5 7. Be2 Nc6 8. Ne5 Bd6 9. Qd2 Bxe5 10. Bxe5 Nxe5 11. dxe5 Nd7 12. f4 b5 {0-1 Kucharski,B (1983)-Kacprzak,K (2317) POL-chT 1st League 2023 (4.8)}) 7. Ne5 Nfd7 8. Qf3 {[%emt 0:00:44][%cal Oe5f7] [#] The position is equal.} Nxe5 9. Bxe5 Nd7 10. Bf4 c5 11. Qg3 Bb7 12. O-O-O Rc8 13. e4 {[%emt 0:00:08] [#] Hoping for exd5.} cxd4 14. exd5 Nf6 $2 {[%emt 0:00:29] White stays focused until the end.} (14... dxc3 15. dxe6 cxb2+ 16. Kb1 $18) (14... Qf6 $1 $11 {and Black stays safe.} 15. Ne4 Qf5) 15. dxe6 $18 ({Don't do} 15. Rxd4 $6 Nh5 16. Qf3 Bc5 $16) 15... Nh5 16. Qg4 Nxf4 (16... Nf6 $142 17. Qf5 fxe6 18. Qg6+ (18. Qxe6+ Qe7 $16) 18... Ke7) 17. exf7+ ({Not} 17. Qxf4 fxe6 18. Be2 (18. Rxd4 Qf6 $16) (18. Qxd4 Qxd4 19. Rxd4 Bc5 $14) 18... Bc5 $16) 17... Kxf7 {[%emt 0:00:00] Threatens to win with ...Qf6.} 18. Qxf4+ Qf6 19. Rxd4 Qxf4+ 20. Rxf4+ Ke8 21. Bd3 Rc7 22. Re1+ Kd8 23. Be4 Bc8 (23... Bxe4 $142 24. Rfxe4 (24. Nxe4 Kc8 $18) (24. Rexe4 Bc5 $18) 24... Bc5) 24. Bf5 Bxf5 25. Rxf5 Bc5 26. Ne4 Be7 27. g3 Kc8 28. Re5 Rd8 29. Rd1 Rf8 30. c3 g5 31. hxg5 hxg5 32. Rd2 g4 33. Re6 Kb7 34. Rg6 {[%emt 0:00:01] Dodges Rg8} b5 35. Rxg4 b4 36. Kc2 bxc3 37. bxc3 {[%emt 0:00:01] White is clearly winning.} (37. Nxc3 Bc5 38. f4 Ka7 $18) 37... Rf5 38. a4 Ra5 39. Kb3 Ka7 40. Rd4 Rb7+ 41. Kc2 Ba3 42. Kd3 Rh5 43. Rg6 Rh1 44. Ke2 Ra1 45. Rc4 Re7 46. Kf3 Bb2 (46... Rd1 $142 47. Rcc6 Rd3+ 48. Ke2 Rd6 49. Rgxd6 Bxd6) 47. Nc5 {[%emt 0:00:03] Weighted Error Value: White=0.10 (very precise) /Black=0.34  Loses game:     	---       	Black=1      Mistake:       	---       	Black=3      Inaccurate:     	White=1     	Black=2      OK:         	White=23    	Black=8      Best:        	White=1     	Black=3} 1-0

[Event "CCT Chessable Masters Playoffs 2025"]
[Site "Online"]
[Date "2025.02.19"]
[Round "4"]
[White "Nakamura, Hikaru"]
[Black "Carlsen, Magnus"]
[Result "1/2-1/2"]
[Annotator "TA"]
[ECO "A06"]
[WhiteElo "2802"]
[BlackElo "2833"]
[PlyCount "204"]
[EventDate "2025.02.13"]
[EventType "k.o."]
[EventCountry "NET"]
[SourceTitle "playchess.com"]
[Source "ChessBase"]
[SourceQuality "1"]
[TimeControl "600"]

1. b3 d5 2. Bb2 c5 3. e3 Nc6 4. Bb5 Bd7 5. Nf3 Nf6 6. c4 {[%emt 0:00:02] A06: Réti Opening: 1 Nf3 d5.} e6 7. cxd5 Nxd5 8. O-O {[%emt 0:00:04] White has an edge.} Rc8 9. Nc3 Nf6 10. Rc1 Be7 11. Na4 $146 ({Predecessor:} 11. d4 cxd4 12. Nxd4 O-O 13. Nxc6 Bxc6 14. Bxc6 Rxc6 15. Qxd8 Rxd8 16. Rfd1 Rdc8 {½-½ Doluhanova,E (2209)-Cosma,E (2296) ROM-chT (Women) 2021 (2.2)}) 11... b6 12. Ba6 Rc7 13. Nc3 Bc8 14. Be2 Bb7 15. d4 cxd4 16. Nb5 Rd7 17. Nbxd4 Nxd4 18. Bxd4 O-O {[%emt 0:00:55] The position is symmetric and equal} 19. Qc2 Ba3 20. Rcd1 Qc7 (20... Nd5 {is interesting.} 21. Bb5 Qc7 22. Qb1 Rdd8) 21. Qb1 Be4 22. Qa1 Be7 23. Ne5 Rdd8 24. Rc1 Qb8 25. Nc6 Bxc6 26. Rxc6 Rc8 27. Rfc1 Rxc6 28. Rxc6 Rc8 29. Qc1 Rxc6 30. Qxc6 h6 {[%emt 0:00:31] Black is weak on the light squares} 31. h3 Bd6 32. Bd3 Kf8 33. Bb2 Ke7 34. Qa4 a5 35. Qb5 Qc7 36. Kf1 Qc5 (36... g5 37. Qc4 Qxc4 38. Bxc4 h5) 37. Qa4 (37. Qxc5 Bxc5 38. g3 g6 39. e4) 37... Qb4 38. Qc6 (38. Qxb4 Bxb4 39. g4 Bd6 40. Be2) 38... Qd2 39. Bc2 {[%emt 0:00:14] Inhibits Qd1+.} (39. Qc2 {simplifies} Qxc2 40. Bxc2 g6 41. Ke2) 39... Bc5 40. Qb7+ Nd7 (40... Kf8 $5 41. Qa8+ $8 Ke7 42. Qb7+ Kd6 43. Qb8+ Ke7 44. Qb7+ $11) 41. Qe4 Bb4 $40 {[%emt 0:00:17][%csl Gb4][%cal Rd2e1][%mdl 128] White needs to defend precisely.} 42. g3 Nc5 {[%emt 0:00:02] [#]} (42... Bc3 $11 {keeps the balance.} 43. Ba3+ Bb4) 43. Qh7 $2 (43. Qc4 $1 $16 {is forced if you want to stay better.}) 43... Bc3 (43... g6 $6 44. Qh8 $11) 44. Ba3 Bb4 45. Bb2 Bc3 (45... g6 $6 46. Qh8 $11) 46. Ba3 f5 47. Bxc5+ bxc5 48. Bxf5 exf5 49. Qxf5 Qd6 (49... Qxa2 $2 50. Qxc5+ Kf7 51. Qxc3 $18) 50. Qe4+ Qe6 51. Qb7+ Qd7 52. Qe4+ Qe6 53. Qb7+ Kf6 54. Kg2 Kg6 55. Qf3 c4 56. bxc4 Qxc4 57. e4 Bf6 58. Qf5+ Kf7 59. Qh5+ Kg8 60. Qxa5 Qxe4+ 61. Kg1 Qd3 62. Qa8+ Kh7 63. Kg2 Qc2 64. Qd5 Qa4 65. Qf5+ Kg8 66. Qd5+ Kf8 67. Qc5+ Be7 (67... Ke8 $17 {Hoping for ...Qa8+.} 68. Qh5+ Ke7 69. Qc5+ Ke6) 68. Qf5+ $1 $11 Bf6 (68... Ke8 $11 69. Qe6 Qd7 70. Qg8+ Bf8) 69. Qc5+ $1 $17 Kf7 70. Qd5+ Ke7 71. Qc5+ ({White should try} 71. Qb7+ Kd6 72. Qb1) 71... Ke6 72. Qc8+ Kd6 73. Qf8+ Kd5 74. Qf7+ Kd4 75. Qe6 {[%emt 0:00:02] and Qg4+ should not be overlooked} Kc3 76. h4 Kb2 77. Qe2+ Ka3 78. Kh3 Qd7+ 79. g4 Qd5 80. f3 Bb2 ({And not} 80... Qxa2 81. Qa6+ Kb2 82. Qe2+ Kb3 (82... Ka1 83. Qe1+ Kb2 84. Qe2+ Kb3 85. Qe6+ Ka3 86. Qa6+ Kb2 87. Qe2+ $11) 83. Qe6+ Ka3 (83... Kb2 84. Qe2+ Kb3 85. Qe6+ Kb2 86. Qe2+ $11) 84. Qd6+ Kb2 85. Qd2+ Ka3 (85... Ka1 86. Qc1+ Qb1 87. Qa3+ Qa2 88. Qc1+ Qb1 89. Qa3+ Qa2 90. Qc1+ $11) 86. Qa5+ Kb2 87. Qd2+ Kb3 88. Qd5+ Kb2 89. Qd2+ $11) 81. Qa6+ Kb4 82. Qb6+ Kc3 83. Qe3+ (83. Kg3 $17) 83... Kc2 84. Qe2+ Kb1 (84... Qd2 $19 85. Qc4+ Bc3 86. Qb3+ Kc1) 85. a4 Bc3 (85... Ka1 $17 86. h5 Bc3) 86. Qe4+ $2 {[%emt 0:00:00][%mdl 8192] [#]} (86. Qb5+ $11 Qxb5 87. axb5) 86... Qxe4 87. fxe4 Kc2 (87... g5 $142 88. a5 Bxa5 89. e5 Kc2 90. hxg5 hxg5 91. e6 Bb4 92. Kg3 Kd3 93. Kf3 Kd4 94. Kf2 Ke5 95. Ke2 Kxe6 96. Kf2 Bc5+ 97. Kf3 Ke5 98. Kg3 Ke4 99. Kg2 Kf4 100. Kh3 Kf3 101. Kh2 Kxg4 102. Kg2 Kf4 103. Kf1 g4 104. Ke2 g3 105. Kd3 g2 106. Kc4 g1=Q (106... g1=R 107. Kxc5 Ke4 108. Kd6 Rg5 109. Ke7 Ke5 110. Kd7 Rg6 111. Kc7 Kd5 112. Kd7 Rg7+ 113. Ke8 Ke6 114. Kd8 Rh7 115. Kc8 Kd6 116. Kb8 Kc6 117. Ka8 Kb6 118. Kb8 Rh8#) 107. Kd5 Qd4+ 108. Kc6 Qd6+ 109. Kb7 Qd7+ 110. Ka6 Qc6+ 111. Ka5 Qb6+ 112. Ka4 Qb4#) 88. h5 $19 Kd3 89. g5 Kxe4 $2 (89... hxg5 $19 90. Kg4 Kxe4 91. Kxg5 Bd2+ 92. Kg6 Bh6) 90. gxh6 $11 {[%emt 0:00:00] The position is equal.} gxh6 $19 {[%emt 0:00:00] KB-KPP} 91. Kg2 $1 Kf4 92. Kh1 Ba5 93. Kg2 Kg4 94. Kh1 Kxh5 $11 {[%emt 0:00:00] KB-KP} 95. Kg2 Kg4 96. Kh1 h5 97. Kg2 h4 98. Kh1 h3 99. Kh2 Kh4 100. Kh1 Kg3 101. Kg1 h2+ 102. Kh1 Kh3 {[%emt 0:00:00] And White is the lucky defender.   Weighted Error Value: White=0.13 (very precise) /Black=0.18 (very precise)   Loses game:     	White=1     	---        Mistake:       	White=3     	Black=5      Inaccurate:     	White=2     	Black=3      OK:         	White=33    	Black=43     Best:        	White=3     	Black=5      Strong:       	White=3     	---} 1/2-1/2